 Dungeon Crawl Stone Soup version 0.19.5 (webtiles) character file.

46 tognito the Skirmisher (level 3, -4/34 HPs)
             Began as a Minotaur Berserker on Apr 18, 2017.
             Was a Believer of Trog.
             Slain by a gnoll (5 damage)
             ... on level 2 of the Dungeon.
             The game lasted 00:01:55 (796 turns).

tognito the Skirmisher (Minotaur Berserker)          Turns: 796, Time: 00:01:55

Health: -4/34      AC:  6    Str: 22    XL:     3   Next: 46%
Magic:  2/2        EV: 12    Int:  4    God:    Trog [**....]
Gold:   71         SH:  0    Dex: 12    Spells: 0 memorised, 2 levels left

rFire  x . .     SeeInvis .     a - +0 hand axe
rCold  + . .     Gourm    .     o - +0 ring mail
rNeg   . . .     Faith    .     (no shield)
rPois  .         Spirit   .     (helmet restricted)
rElec  .         Reflect  .     q - +0 cloak
rCorr  .         Harm     .     (no gloves)
MR     .....                    (no boots)
Stlth  +.........               (no amulet)
                                b - +3 ring of dexterity
                                j - ring of ice

@: no status effects
A: retaliatory headbutt, horns 2
a: Berserk, Trog's Hand, Burn Spellbooks, Renounce Religion


You were on level 2 of the Dungeon.
You worshipped Trog.
Trog was pleased with you.
You were not hungry.

You visited 1 branch of the dungeon, and saw 2 of its levels.

You collected 71 gold pieces.

Inventory:

Hand Weapons
 a - a +0 hand axe (weapon)
Missiles
 d - 41 arrows
 l - 16 bolts
Armour
 o - a +0 ring mail (worn)
 q - a +0 cloak (worn)
Jewellery
 b - a +3 ring of dexterity (right hand)
 j - a ring of ice (left hand)
Scrolls
 e - a scroll of remove curse {unknown}
 f - a scroll of blinking {unknown}
 h - 4 scrolls of identify {unknown}
 k - 2 scrolls of magic mapping {unknown}
 m - a scroll of recharging {unknown}
 n - a scroll of amnesia {unknown}
 r - a scroll of enchant weapon {unknown}
Potions
 g - 2 potions of brilliance {unknown}
 i - a potion of haste {unknown}
 p - a potion of curing {unknown}
Comestibles
 c - 2 bread rations


   Skills:
 * Level 4.4 Fighting
 * Level 4.1 Axes
 + Level 3.1 Armour
 + Level 2.6 Dodging


You had 2 spell levels left.
You didn't know any spells.

Dungeon Overview and Level Annotations

Branches:
Dungeon (2/15)

Altars:
Nemelex Xobeh
Sif Muna


Innate Abilities, Weirdness & Mutations

You reflexively headbutt those who attack you in melee.
You have a pair of horns on your head.


Message History

The gnoll hits you but does no damage.
Unknown command.
The bat hits you but does no damage. The bat completely misses you.
The gnoll barely misses you. The gnoll misses you.
The gnoll hits you from afar with a spear.
The gnoll hits you but does no damage.
You closely miss the bat. You headbutt the bat, but do no damage.
You barely miss the gnoll. x2; You hit the gnoll but do no damage.
The bat hits you but does no damage. The gnoll hits you.
* * * LOW HITPOINT WARNING * * *
The gnoll hits you!
* * * LOW HITPOINT WARNING * * *
The gnoll barely misses you. The gnoll closely misses you.
You furiously retaliate!
You headbutt the gnoll! The gnoll hits you but does no damage.
The bat barely misses you. You furiously retaliate!
You headbutt the bat.
You kill the bat!
Trog accepts your kill. The gnoll hits you but does no damage.
The gnoll hits you.
You die...

... ....... ... ..#
#.....# ..# ...
+.....+...# #.#
#.....#...# #.######
.....#...### #.##...#
#.......... ###.##...#
#.g........
##...##...####.g@g......
.##...[.[......g.#......
..#......######### ....!
⌠.##............ ....
...#............ .#.
.†.##....#..#.# ..
...'.....#........ .
...#........#....#
...#........#....#


You could see 4 gnolls.

Vanquished Creatures
  An adder (D:2)
  A worm (D:1)
  A ball python (D:2)
  3 giant cockroaches
  2 goblins
  5 hobgoblins
  7 jackals
  3 bats
  5 kobolds
  2 rats (D:1)
30 creatures vanquished.

Notes
Turn   | Place    | Note
-------+----------+-------------------------------------------
     0 | D:1      | tognito the Minotaur Berserker began the quest for the Orb.
     0 | D:1      | Reached XP level 1. HP: 19/19 MP: 0/0
   290 | D:1      | Reached XP level 2. HP: 26/27 MP: 1/1
   719 | D:2      | Reached XP level 3. HP: 28/33 MP: 2/2
   742 | D:2      | Reached ** piety under Trog
   759 | D:2      | Found a deep blue altar of Sif Muna.
   759 | D:2      | Found a sparkling altar of Nemelex Xobeh.
   795 | D:2      | HP: 1/34 [gnoll (7)]
   796 | D:2      | Slain by a gnoll

Skill      XL: |  1  2 |
---------------+-------+-----
Fighting       | 4 |  4.4
Axes           | 4 |  4.1
Armour         | 3 |  3.1
Dodging        | |  2.6

Action                   || total
-------------------------++-------
Melee: Hand axe          ||    58
       Headbutt          ||    10
Armor: Animal skin       ||     3
       Ring mail         ||    22
Dodge: Dodged            ||    50
